 Dungeon Crawl Stone Soup version 0.24.0-123-gd5b16e6ec5 (webtiles) character file.

Game seed: 12686913354729843308, levelgen mode: deterministic

5941 Froggeryz the Severer (level 11, -6/75 HPs)
             Began as a Formicid Fighter on Dec 27, 2019.
             Was a Follower of Okawaru.
             Mangled by Grum
             ... wielding a -1 spear
              (8 damage)
             ... on level 9 of the Dungeon.
             The game lasted 00:16:25 (8263 turns).

Froggeryz the Severer (Formicid Fighter)            Turns: 8263, Time: 00:16:25

Health: -6/75      AC: 11    Str: 24    XL:     11   Next: 9%
Magic:  9/11       EV: 12    Int:  8    God:    Okawaru [*.....]
Gold:   272        SH: 14    Dex: 12    Spells: 10/10 levels left

rFire    . . .     SeeInvis +   a - +1 war axe
rCold    . . .     Gourm    .   C - +2 shield {reflect}
rNeg     . . .     Faith    .   z - +2 scale mail {rPois}
rPois    +         Spirit   .   (helmet unavailable)
rElec    .         Reflect  +   w - +2 cloak
rCorr    .         Harm     .   (no gloves)
MR       +....                  y - +0 pair of boots
Stlth    ++........             (no amulet)
HPRegen  0.22/turn              (no ring)
MPRegen  0.12/turn              (no ring)

@: heroism
A: permanent stasis, dig shafts and tunnels, four strong arms, antennae 3, claws
1, talons 1, thin skeletal structure 1, deformed body, evolution 1, MP-powered
wands
a: Dig, Shaft Self, Heroism, Renounce Religion


You were on level 9 of the Dungeon.
You worshipped Okawaru.
Okawaru was aware of your devotion.
You were not hungry.

You visited 2 branches of the dungeon, and saw 10 of its levels.
You also visited: Sewer.

You collected 467 gold pieces.
You spent 195 gold pieces at shops.

Inventory:

Hand Weapons
 a - a +1 war axe (weapon)
 c - a +1 scimitar of flaming
 x - a +0 hand axe of flaming
Missiles
 o - 18 poisoned darts (quivered)
Armour
 k - a +2 chain mail of fire resistance
 w - a +2 cloak (worn)
 y - a +0 pair of boots (worn)
 z - a +2 scale mail of poison resistance (worn)
 C - a +2 shield of reflection (worn)
Jewellery
 m - an uncursed ring of ice
Wands
 j - a wand of random effects (19)
 t - a wand of flame (54)
 u - a wand of disintegration (5)
 B - a wand of digging (5)
 E - a wand of paralysis (17)
Scrolls
 b - 2 scrolls of summoning {unknown}
 g - a scroll of enchant armour
 i - 3 scrolls of magic mapping {unknown}
 p - 6 scrolls of remove curse
 v - 5 scrolls of identify
 D - 2 scrolls of enchant weapon
Potions
 d - a potion of resistance
 e - a potion of haste
 h - a potion of curing
 l - a potion of agility
 n - 2 potions of mutation
 q - 2 potions of brilliance
 r - a potion of flight
 s - 2 potions of ambrosia
 A - 3 potions of magic
Comestibles
 f - 19 rations


   Skills:
 - Level 3.2(8.2) Fighting
 * Level 15.1(20.1) Axes
 - Level 3.2(8.2) Armour
 + Level 4.0(9.0) Shields


You had 10 spell levels left.
You didn't know any spells.
Your spell library was empty.

Dungeon Overview and Level Annotations

Branches:
Dungeon (9/15)             Temple (1/1) D:7           Sewer (visited)
   Lair: D:8-11         Orc: D:9-12

Altars:
Ashenzari
Cheibriados
Dithmenos
Elyvilon
Fedhas
Gozag
Hepliaklqana
Kikubaaqudgha
Makhleb
Nemelex Xobeh
Okawaru
Qazlal
Ru
Sif Muna
Trog
Uskayaw
Vehumet
Wu Jian
Xom
Yredelemnul
Zin
The Shining One

Shops:
D:7 [

Annotations:
D:9 Grum


Innate Abilities, Weirdness & Mutations

You cannot be hasted, slowed, berserked, paralysed or teleported.
You can dig through walls and to a lower floor.
Your four strong arms can wield two-handed weapons with a shield.
You have a pair of large antennae on your head. (SInv)
You have sharp fingernails.
You have sharp toenails.
You have a somewhat thin skeletal structure. (Dex +2, Stealth)
Armour fits poorly on your strangely shaped body.
You evolve.
You expend magic power (3 MP) to strengthen your wands.


Message History

You hit the wolf.
The wolf is lightly wounded.
You block the wolf's attack. The wolf bites you but does no damage.
You slash the wolf!
The wolf is heavily wounded.
Grum completely misses you. The wolf bites you.
* * * LOW HITPOINT WARNING * * *
You closely miss the wolf.
The wolf is heavily wounded.
You block Grum's attack. The wolf barely misses you.
You hit the wolf.
The wolf is almost dead.
The wolf bites you but does no damage. You block Grum's attack.
You slash the wolf!
You kill the wolf!
Okawaru accepts your kill.
Your base Shields skill increases to level 4!
You barely miss the quasit.
Grum hits you from afar with a -1 spear!
You die...

............................#
...................########.#
...................########.#
............................#
......................#
.............H........#
############..#######.#
#########g.........#
.......@5.H........#
###..#############.# #..# #.#
#..# #.# #..# #.#
###########..#############.#
..........................#
#.........................#
#)###########.#############


You could see a hippogriff, Grum and a quasit.

Vanquished Creatures
  Erica (D:8)
  An unseen horror (D:6)
  Pikel (D:4)
  A cyclops (D:6)
  Psyche (D:8)
  2 water moccasins
  Duvessa (D:5)
  2 orc warriors (D:6)
  2 ice beasts
  A sky beast (D:8)
  4 phantoms
  3 slaves (D:4)
  A necrophage (D:7)
  A centaur (D:6)
  2 wolves (D:9)
  A big kobold (D:8)
  7 bullfrogs
  Blork the orc (D:4)
  A gnoll sergeant (D:6)
  Dowan (D:5)
  A scorpion (D:5)
  3 killer bees (D:8)
  3 wights (D:8)
  3 howler monkeys (D:8)
  2 crimson imps
  3 hounds
  2 orc priests
  A jelly (D:5)
  A bullfrog skeleton (D:6)
  2 iguanas
  5 orc wizards
  8 worker ants
  A killer bee zombie (D:7)
  A hound skeleton (D:5)
  A worker ant zombie (D:7)
  3 gnolls (D:6)
  9 adders
  A shadow imp (D:7)
  2 oozes
  An adder zombie (D:6)
  A worm (D:4)
  2 dart slugs (D:1)
  14 leopard geckos
  17 orcs
  6 giant cockroaches
  8 goblins
  5 hobgoblins
  27 jackals
  2 quokkas (D:7)
  7 ball pythons
  9 bats
  9 frilled lizards
  A jackal skeleton (D:4)
  14 kobolds
  A leopard gecko zombie (D:6)
  8 rats
  A plant (Sewer)
220 creatures vanquished.

Vanquished Creatures (others)
  A centaur (D:7)
  Ijyb (D:4)
  An orc (D:9)
3 creatures vanquished.

Grand Total: 223 creatures vanquished

Notes
Turn   | Place    | Note
-------+----------+-------------------------------------------
     0 | D:1      | Froggeryz the Formicid Fighter began the quest for the Orb.
     0 | D:1      | Reached XP level 1. HP: 18/18 MP: 1/1
   111 | D:1      | Reached XP level 2. HP: 17/24 MP: 2/2
   308 | D:1      | Reached skill level 3 in Axes
   373 | D:1      | Reached XP level 3. HP: 25/29 MP: 3/3
   913 | D:2      | Reached skill level 4 in Axes
   913 | D:2      | Reached XP level 4. HP: 35/35 MP: 4/4
  1712 | D:3      | Reached XP level 5. HP: 39/41 MP: 5/5
  2247 | D:4      | Noticed a slave
  2249 | D:4      | Noticed a slave
  2251 | D:4      | Noticed a slave
  2291 | D:4      | Killed a slave
  2302 | D:4      | Killed a slave
  2304 | D:4      | Reached skill level 5 in Axes
  2306 | D:4      | Gained mutation: You have sharp toenails. [potion of
                  | mutation]
  2306 | D:4      | Gained mutation: You evolve. [potion of mutation]
  2306 | D:4      | Gained mutation: You have a somewhat thin skeletal
                  | structure. (Dex +2, Stealth) [potion of mutation]
  2317 | D:4      | Killed a slave
  2369 | D:4      | Noticed Ijyb
  2369 | D:4      | Noticed a phantom
  2455 | D:4      | Found a glowing drain.
  2461 | D:4      | Reached XP level 6. HP: 47/47 MP: 6/6
  2470 | Sewer    | Entered a sewer
  2632 | Sewer    | Reached skill level 6 in Axes
  2770 | Sewer    | Gained mutation: You have sharp fingernails. [evolution]
  3172 | D:4      | Got an ichor-stained spear
  3173 | D:4      | Identified the cursed +0 spear of Uskayaw's Generosity
                  | {flame, *Contam Str+6 Dex+4} (You found it on level 4 of
                  | the Dungeon)
  3236 | D:4      | Gained mutation: Armour fits poorly on your strangely
                  | shaped body. [mutagenic glow]
  3268 | D:4      | Killed a phantom
  3268 | D:4      | Reached XP level 7. HP: 29/52 MP: 7/7
  3339 | D:4      | Reached skill level 7 in Axes
  3415 | D:4      | Noticed Pikel
  3442 | D:4      | Killed Pikel
  3442 | D:4      | Reached skill level 9 in Axes
  3442 | D:4      | Reached XP level 8. HP: 40/58 MP: 8/8
  3462 | D:4      | Killed Ijyb
  3866 | D:5      | Entered Level 5 of the Dungeon
  3866 | D:5      | Noticed Blork the orc
  3876 | D:4      | Killed Blork the orc
  4103 | D:5      | Noticed Dowan
  4124 | D:5      | Killed Dowan
  4170 | D:5      | Noticed Duvessa
  4178 | D:5      | Killed Duvessa
  4178 | D:5      | Reached skill level 10 in Axes
  4475 | D:5      | Reached XP level 9. HP: 64/64 MP: 9/9
  4512 | D:5      | Gained mutation: You are agile. (Dex +2) [evolution]
  4707 | D:6      | Reached skill level 11 in Axes
  4939 | D:6      | Noticed a cyclops
  4957 | D:6      | Killed a cyclops
  4957 | D:6      | Reached skill level 12 in Axes
  5276 | D:6      | Noticed an unseen horror
  5288 | D:6      | Killed an unseen horror
  5288 | D:6      | Reached XP level 10. HP: 42/70 MP: 10/10
  5468 | D:6      | Reached skill level 13 in Axes
  5719 | D:6      | Found an ornate altar of the Wu Jian Council.
  5723 | D:6      | Gained mutation: You expend magic power (3 MP) to
                  | strengthen your wands. [evolution]
  6470 | D:7      | Found Useiwk's Antique Armour Boutique.
  6481 | D:7      | Bought a glowing shield for 195 gold pieces
  6712 | D:7      | Found a staircase to the Ecumenical Temple.
  6718 | Temple   | Entered the Ecumenical Temple
  6756 | Temple   | Became a worshipper of Warmaster Okawaru
  7078 | D:8      | Reached skill level 14 in Axes
  7098 | D:8      | Lost mutation: You are agile. (Dex +2) [evolution]
  7130 | D:8      | Noticed Erica
  7154 | D:8      | Killed Erica
  7221 | D:8      | Reached * piety under Okawaru
  7302 | D:8      | Noticed Psyche
  7316 | D:8      | Killed Psyche
  7412 | D:8      | Reached XP level 11. HP: 49/75 MP: 11/11
  7608 | D:8      | Reached skill level 15 in Axes
  8095 | D:9      | Reached ** piety under Okawaru
  8207 | D:9      | Noticed Grum
  8259 | D:9      | HP: 1/75 [wolf[Grum] (5)]
  8263 | D:9      | Mangled by Grum

Levels and vault maps discovered:
D:1:      onia_arrival_pentagram, layout_basic
D:2:      layout_rooms
D:3:      layout_loops_ring
D:4:      layout_rooms, first_ration, gup_sewer_entry_pipe, uniq_pikel,
          uniq_ijyb
D:5:      layout_loops_cross, uniq_duvessa, uniq_blork_the_orc
D:6:      layout_basic, kennysheep_mini_moat, kb_rosetta
D:7:      layout_cave_pools, minmay_temple_entry_ruins, serial_shops, shop,
          chequers_arboretum
D:8:      layout_basic, blue_anna_alchemist [blue_anna_fruit_fields,
          blue_anna_fruit_fields], uniq_psyche, uniq_erica
D:9:      layout_long_grid, ebering_ghost_inner_flame, uniq_grum
Temple:   nicolae_temple_the_god_donut

Skill      XL: |  1  2  3  4  5  6  7  8  9 10 11 |
---------------+----------------------------------+-----
Axes           | 3 4 5 6 9 10 12 14 15 | 15.1
Shields        | 4 |  4.0
Fighting       | |  3.2
Armour         | |  3.2

Action                   |  1- 3 |  4- 6 |  7- 9 | 10-12 || total
-------------------------+-------+-------+-------+-------++-------
Melee: War axe           |    86 |   268 |   176 |   318 ||   848
       Spear             |       |    15 |       |       ||    15
Throw: Dart              |       |       |       |     4 ||     4
Invok: Heroism           |       |       |       |     2 ||     2
 Abil: Dig               |       |     4 |       |       ||     4
Evoke: Wand              |       |     6 |     5 |     1 ||    12
  Use: Potion            |       |    10 |     4 |     5 ||    19
       Scroll            |       |     7 |       |       ||     7
 Stab: Invisible         |       |       |     2 |       ||     2
  Eat: Chunk             |       |     8 |     7 |     7 ||    22
       Ration            |       |       |       |     1 ||     1
Armor: Scale mail        |    43 |   104 |    16 |    77 ||   240
       Chain mail        |       |       |    56 |    18 ||    74
Dodge: Dodged            |    27 |    94 |    41 |    71 ||   233
Block: Shield            |    27 |   145 |    73 |   162 ||   407
       Reflection        |       |       |       |     8 ||     8
